 Dungeon Crawl Stone Soup version 0.29.1-12-g30fa7ad0bf (webtiles) character file.

Game seed: 17951682230366663533

167 cowcol the Chopper (level 5, -6/42 HPs)
             Began as a Minotaur Monk on Jan 15, 2023.
             Was a Believer of Hepliaklqana.
             Mangled by Blork the orc
             ... wielding a +0 glaive
              (10 damage)
             ... on level 4 of the Dungeon.
             The game lasted 00:09:25 (3052 turns).

cowcol the Chopper (Minotaur Monk)                  Turns: 3052, Time: 00:09:25

Health: -6/42      AC:  8    Str: 18    XL:     5   Next: 23%
Magic:  4/4        EV:  8    Int:  7    God:    Hepliaklqana [**....]
Gold:   1033       SH:  0    Dex: 12    Spells: 4/4 levels left

rFire   + . .      SeeInvis +   h - +0 broad axe (freeze)
rCold   + . .      Faith    .   (no shield)
rNeg    . . .      Spirit   .   q - +0 chain mail
rPois   +          Reflect  .   (helmet restricted)
rElec   .          Harm     .   g - scarf {rC+ rF+}
rCorr   +          Rampage  .   (no gloves)
Will    +++..                   (no boots)
Stlth   ..........              (no amulet)
HPRegen 0.14/turn               t - ring "Memallo" {Drain rPois Will+++ rCorr SInv}
MPRegen 0.09/turn               (no ring)

@: no status effects
A: reduced essence, horns 2, retaliatory headbutt
a: Renounce Religion, Recall Ancestor, Ancestor Identity


You were on level 4 of the Dungeon.
You worshipped Hepliaklqana.
Hepliaklqana was pleased with you.
You visited 1 branch of the dungeon, and saw 4 of its levels.

You collected 1033 gold pieces.

Inventory:

Hand Weapons
 a - a +0 hand axe
 e - a +1 dagger of electrocution
 h - a +0 broad axe of freezing (weapon)
Missiles
 n - 4 javelins (quivered)
 o - 22 stones
Armour
 b - a +0 robe
 f - a +0 ring mail
 g - a scarf of resistance (worn)
 q - a +0 chain mail (worn)
 u - the +0 scale mail of Midwinter {Dex+4}
   (You found it on level 3 of the Dungeon)

   Dex:       It affects your dexterity (+4).
Jewellery
 t - the ring "Memallo" (left hand) {Drain rPois Will+++ rCorr SInv}
   (You acquired it on level 3 of the Dungeon)

   [ring of see invisible]

   rPois:     It protects you from poison.
   SInv:      It lets you see invisible.
   rCorr:     It protects you from acid and corrosion.
   Drain:     It drains your maximum health when unequipped.
   Will:      It greatly increases your willpower.
Scrolls
 i - a scroll of fear {unknown}
 j - a scroll of amnesia {unknown}
 k - 2 scrolls of enchant armour {unknown}
 m - 3 scrolls of teleportation
 p - a scroll of enchant weapon {unknown}
 s - 2 scrolls of silence {unknown}
 v - a scroll of immolation {unknown}
 w - a scroll of torment {unknown}
Potions
 c - a potion of ambrosia
 d - a potion of berserk rage {unknown}
 l - a potion of flight {unknown}
 r - a potion of degeneration {unknown}


   Skills:
 + Level 4.3 Fighting
 - Level 2.0 Short Blades
 + Level 5.2 Axes
 + Level 0.3 Throwing
 * Level 2.1 Armour
 + Level 3.7 Dodging
 + Level 1.6 Stealth


You had 4 spell levels left.
You didn't know any spells.
Your spell library contained the following spells:

 Spells                   Type           Power      Damage    Failure   Level
 Blink                    Tloc           0%         N/A       100%        2
 Passage of Golubria      Tloc           0%         N/A       100%        4
 Summon Lightning Spire   Summ/Air       0%         N/A       100%        4
 Disjunction              Tloc           0%         N/A       100%        8


Dungeon Overview and Level Annotations

Branches:
Dungeon (4/15)
 Temple: D:4-7

Altars:
Cheibriados
Elyvilon
Hepliaklqana
Okawaru

Annotations:
D:4 Blork the orc, Edmund


Innate Abilities, Weirdness & Mutations

Your life essence is reduced to manifest your ancestor. (-10% HP)
You have a pair of horns on your head.
You reflexively headbutt those who attack you in melee.


Message History

The stone barely misses Nolwazi.
The stone hits you but does no damage.
Nolwazi hits the kobold with a +0 quarterstaff!
The kobold dies!
Nolwazi casts a spell at Edmund.
The stone arrow hits Edmund.
Edmund hits Nolwazi with a +2 dire flail of protection!
Nolwazi hits Edmund with a +0 quarterstaff.
The worm bites Nolwazi.
Nolwazi is destroyed!
You barely miss Edmund.
Edmund is moderately wounded.
Edmund hits you with a +2 dire flail of protection.
You hit Edmund but do no damage.
Edmund is moderately wounded.
Blork the orc comes into view.
He is wielding a +0 glaive.
Edmund hits you with a +2 dire flail of protection.
You completely miss Edmund. You headbutt Edmund, but do no damage.
Edmund is moderately wounded.
Edmund hits you with a +2 dire flail of protection.
Edmund barely misses you.
You hit Edmund. You freeze Edmund. Your headbutt misses Edmund.
Edmund is moderately wounded.
Edmund closely misses you.
You hit Edmund but do no damage.
Edmund is moderately wounded.
Edmund hits you with a +2 dire flail of protection.
You slash Edmund! You freeze Edmund.
Edmund is heavily wounded.
Edmund closely misses you. You furiously retaliate!
You headbutt Edmund.
Edmund says, "I might not be good at magic, but I can still kill you!"
Edmund hits you with a +2 dire flail of protection.
Blork the orc hits you from afar with a +0 glaive.
You hit Edmund. You freeze Edmund. You headbutt Edmund, but do no damage.
Edmund is severely wounded.
Blork the orc barely misses you.
Edmund says, "People will remember me!
They'll remember me and die!"
Edmund hits you with a +2 dire flail of protection!
* * * LOW HITPOINT WARNING * * *
Blork the orc hits you from afar with a +0 glaive!
You die...

#########....#
#..........###
###.#######.##
########...# ###...#
#######........#####...###
........##########.<.###
######### ######†..### ##
##......####### .####
......#@....... ...<#
.#...w@........
###...........o#########
.....####.... .###### ##..
.. ..## # ... ..


You could see Edmund, Blork the orc and a worm.

Vanquished Creatures
  5 adders
  A worm (D:3)
  4 dart slugs
  6 orcs (D:3)
  8 endoplasms
  2 giant cockroaches
  4 goblins (D:1)
  3 hobgoblins
  4 jackals
  3 quokkas
  6 ball pythons
  2 bats
  3 frilled lizards
  13 kobolds
  4 rats
68 creatures vanquished.

Vanquished Creatures (collateral kills)
  2 adders (D:4)
  A dart slug (D:4)
  2 ball pythons (D:3)
  An endoplasm (D:3)
  5 goblins (D:3)
  A hobgoblin (D:3)
  2 kobolds (D:4)
14 creatures vanquished.

Vanquished Creatures (others)
  A battlemage (D:4)
1 creature vanquished.

Grand Total: 83 creatures vanquished

Notes
Turn   | Place    | Note
-------+----------+-------------------------------------------
     0 | D:1      | cowcol the Minotaur Monk began the quest for the Orb.
     0 | D:1      | Reached XP level 1. HP: 19/19 MP: 0/0
   232 | D:1      | Reached XP level 2. HP: 19/27 MP: 1/1
   555 | D:1      | Reached skill level 4 in Axes
   758 | D:1      | Reached XP level 3. HP: 31/33 MP: 2/2
  1051 | D:1      | Identified a scroll of acquirement
  1051 | D:1      | Acquired 802 gold pieces
  1494 | D:2      | Reached skill level 1 in Short Blades
  1596 | D:2      | Reached skill level 1 in Armour
  1811 | D:2      | Reached XP level 4. HP: 36/40 MP: 3/3
  1814 | D:2      | Found a faded altar of an unknown god.
  2330 | D:3      | Got the Directory of Summoned Transposition
  2392 | D:3      | Found a hazy altar of Hepliaklqana.
  2392 | D:3      | Found a snail-covered altar of Cheibriados.
  2397 | D:3      | Became a worshipper of Hepliaklqana the Forgotten
  2397 | D:3      | Reached * piety under Hepliaklqana
  2397 | D:3      | Reached ** piety under Hepliaklqana
  2398 | D:3      | Remembered your ancestor Nolwazi as a battlemage
  2468 | D:3      | Found a white marble altar of Elyvilon.
  2583 | D:3      | Reached XP level 5. HP: 42/42 MP: 4/4
  2606 | D:3      | Acquired the ring "Memallo" {Drain rPois Will+++ rCorr
                  | SInv}
  2612 | D:3      | Found an iron altar of Okawaru.
  2694 | D:3      | Identified the +0 scale mail of Midwinter {Dex+4}
  3030 | D:4      | Reached skill level 5 in Axes
  3034 | D:4      | Noticed Edmund
  3046 | D:4      | Noticed Blork the orc
  3052 | D:4      | Mangled by Blork the orc

Illustrated notes

Levels and vault maps discovered:
D:1:      dpeg_chamrin_arrival_tetris, layout_basic, dk_noncrumbling_2,
          minmay_tetromino_i2
D:2:      layout_rooms, nicolae_ecumenical_lake_church, hex_tiny
D:3:      layout_basic, mainiacjoe_overflow_six_doors_small,
          kennysheep_okawaru_gauntlet, nicolae_overflow_two_pavilions
D:4:      layout_rooms, kennysheep_mini_moat,
          minmay_temple_entry_statues_fountains, uniq_blork_the_orc, uniq_edmund

Skill      XL: |  1  2  3  4  5 |
---------------+----------------+-----
Fighting       | 4 |  4.3
Axes           | 4 5 |  5.2
Short Blades   | 1 2 |  2.0
Armour         | 1 2 |  2.1
Throwing       | |  0.3
Dodging        | |  3.7
Stealth        | |  1.6

Action                   |  1- 3 |  4- 6 || total
-------------------------+-------+-------++-------
Melee: Hand axe          |    27 |       ||    27
       Broad axe         |    50 |    39 ||    89
       Headbutt          |     6 |     4 ||    10
Throw: Stone             |    11 |       ||    11
       Javelin           |     1 |       ||     1
Invok: Ancestor Life: Ba |       |     1 ||     1
  Use: Scroll            |     4 |     2 ||     6
Armor: Robe              |     2 |       ||     2
       Ring mail         |    23 |    12 ||    35
       Chain mail        |       |     8 ||     8
Dodge: Dodged            |    43 |    36 ||    79
